 Dungeon Crawl Stone Soup version 0.31.0-11-ge490571c62 (webtiles) character file.

Game seed: 11552531231359877424

247 qw the Skirmisher (level 5, 0/30 HPs)
             Began as a Deep Elf Hunter on Feb 4, 2024.
             Incinerated by a bombardier beetle (3 damage)
             ... with a burning spray
             ... on level 4 of the Dungeon.
             The game lasted 00:00:12 (2319 turns).

qw the Skirmisher (Deep Elf Hunter)                 Turns: 2319, Time: 00:00:12

Health: 0/30       AC:  6    Str: 16    XL:     5   Next: 85%
Magic:  7/7        EV: 11    Int: 14    God:
Gold:   97         SH:  0    Dex: 18    Spells: 4/4 levels left

rFire   . . .        a - +0 shortbow
rCold   . . .        (shield currently unavailable)
rNeg    . . .        j - +1 ring mail
rPois   .            (no helmet)
rElec   .            (no cloak)
rCorr   .            (no gloves)
SInv    .            (no boots)
Will    .....        e - amulet of regeneration
Stlth   +            c - +6 ring of strength
HPRegen 1.05/turn    (no ring)
MPRegen 0.10/turn

%: no passive effects
@: on fire, glowing
A: no striking features
a: no special abilities


You were on level 4 of the Dungeon.
You visited 2 branches of the dungeon, and saw 5 of its levels.

You collected 125 gold pieces.
You spent 28 gold pieces at shops.


   Skills:
 - Level 2.2 Fighting
 - Level 9.1 Ranged Weapons
 + Level 2.4 Dodging
 - Level 1.2 Stealth


You had 4 spell levels left.
You didn't know any spells.
Your spell library was empty.

Inventory:

Hand Weapons
 a - a +0 shortbow (weapon)
Armour
 j - a +1 ring mail (worn)
Jewellery
 c - a +6 ring of strength (left hand)
 e - an amulet of regeneration (around neck)
Potions
 d - 3 potions of mutation
 h - 2 potions of curing
 l - a potion of heal wounds

Dungeon Overview and Level Annotations

Branches:
Dungeon (4/15)             Temple (1/1) D:4

Altars:
Ashenzari
Hepliaklqana
Kikubaaqudgha
Nemelex Xobeh
Qazlal
Trog
Vehumet
Wu Jian
The Shining One
Lugonu

Shops:
D:1 ?!([   D:2 =


Message History

You shoot an arrow. The arrow hits the dart slug!
You kill the dart slug!
A bombardier beetle comes into view.
You shoot an arrow.
The arrow hits the bombardier beetle but does no damage.
The bombardier beetle sprays incendiary fluid at you.
The burning spray hits you.
You are covered in liquid fire!
You shoot an arrow. The arrow hits the bombardier beetle.
The bombardier beetle is moderately wounded.
The liquid fire burns you!
You shoot an arrow. The arrow hits the bombardier beetle.
The bombardier beetle is heavily wounded.
The liquid fire burns you!
You shoot an arrow.
The arrow barely misses the bombardier beetle.
The liquid fire burns you!
You shoot an arrow.
The arrow hits the bombardier beetle but does no damage.
The bombardier beetle is heavily wounded.
The liquid fire burns you!
You shoot an arrow.
The arrow hits the bombardier beetle but does no damage.
The bombardier beetle is heavily wounded.
The liquid fire burns you!
The bombardier beetle sprays incendiary fluid at you.
The burning spray hits you.
You are even more covered in liquid fire!
You shoot an arrow. The arrow hits the bombardier beetle.
The bombardier beetle is severely wounded.
The liquid fire burns you!
You shoot an arrow. The arrow hits the bombardier beetle!
You kill the bombardier beetle!
The liquid fire burns you!
Your Fighting skill increases to level 2!
You are on fire!
The liquid fire burns you!
You are on fire!
The liquid fire burns you!
You die...

#.....#.##....
#.#####%####..
#####......).. ###
#.............##.l
#.###.........#.~~
##
#.#...#.#.....#~.~
..
#.#...#%#....##~.~
#####.#.#.#.#.#
...###~.
#......@......#
..# ###
#.###.#.#.#.###
.## #. # #.......
. #### ###.#.....
#.....
..#..######.#..#
### .# ..... # .#
##...## # #......
..#...


There were no monsters in sight!

Vanquished Creatures
  A kobold brigand (D:4)
  A bombardier beetle (D:4)
  A hound (D:4)
  4 adders
  A gnoll (D:1)
  2 ribbon worms
  4 dart slugs
  5 orcs
  6 ball pythons
  4 endoplasms
  A giant cockroach (D:1)
  6 goblins
  3 hobgoblins
  5 jackals
  4 bats
  2 frilled lizards (D:1)
  7 kobolds
  8 rats
65 creatures vanquished.

Notes
Turn   | Place    | Note
-------+----------+-------------------------------------------
     0 | D:1      | qw the Deep Elf Hunter began the quest for the Orb.
     0 | D:1      | Reached XP level 1. HP: 12/12 MP: 3/3
     0 | D:1      | 0 ||| qw: Version: 0.3-a-160-g6735b56
     0 | D:1      | 0 ||| qw: Game counter: 4373
     0 | D:1      | 0 ||| qw: Melee chars always use a shield: true
     0 | D:1      | 0 ||| qw: God list: Okawaru
     0 | D:1      | 0 ||| qw: Allow faded altars: false
     0 | D:1      | 0 ||| qw: Do Orc after clearing Dungeon:15 true
     0 | D:1      | 0 ||| qw: Do second Lair branch before Depths: true
     0 | D:1      | 0 ||| qw: Lair rune preference: random
     0 | D:1      | 0 ||| qw: Goals: Normal
     0 | D:1      | 0 ||| PLANNING D:1-11
    21 | D:1      | Reached skill level 6 in Ranged Weapons
    21 | D:1      | Reached XP level 2. HP: 16/16 MP: 4/4
    76 | D:1      | Found Zoroczad's Antique Armour Shoppe.
    82 | D:1      | 82 ||| SHOPLISTING dyed leather armour (120 gold, have 18).
    82 | D:1      | 82 ||| SHOPLISTING helmet (108 gold, have 18).
    82 | D:1      | 82 ||| SHOPLISTING pitted robe (136 gold, have 18).
    82 | D:1      | 82 ||| SHOPLISTING ring mail (96 gold, have 18).
    99 | D:1      | Found Alify's Antique Weapon Boutique.
   152 | D:1      | Found Xirim's Distillery.
   159 | D:1      | 159 ||| SHOPLISTING potion of curing (39 gold, have 18).
   159 | D:1      | 159 ||| SHOPLISTING potion of enlightenment (65 gold, have
                  | 18).
   159 | D:1      | 159 ||| SHOPLISTING potion of heal wounds (65 gold, have
                  | 18).
   159 | D:1      | 159 ||| SHOPLISTING potion of mutation (104 gold, have 18).
   192 | D:1      | Found Orghoset's Magic Scroll Emporium.
   200 | D:1      | 200 ||| SHOPLISTING scroll of enchant armour (105 gold,
                  | have 42).
   200 | D:1      | 200 ||| BUYING scroll of identify (28 gold).
   200 | D:1      | Bought a scroll of identify for 28 gold pieces
   200 | D:1      | 200 ||| SHOPLISTING scroll of identify (28 gold, have 14).
   200 | D:1      | 200 ||| SHOPLISTING scroll of teleportation (42 gold, have
                  | 14).
   383 | D:1      | HP: 4/16 [jackal (2)]
   389 | D:1      | Reached XP level 3. HP: 3/20 MP: 5/5
   606 | D:1      | 606 ||| UPGRADING to amulet of regeneration.
   611 | D:1      | 611 ||| READING scroll of identify.
   611 | D:1      | 611 ||| IDENTIFYING cyan potion
   612 | D:1      | 612 ||| DROPPING scroll of butterflies.
   855 | D:2      | Reached skill level 7 in Ranged Weapons
   965 | D:2      | Found Cutaho Hemo's Jewellery Shoppe.
   969 | D:2      | 969 ||| SHOPLISTING +6 ring of dexterity (504 gold, have
                  | 60).
   969 | D:2      | 969 ||| SHOPLISTING +6 ring of strength (504 gold, have
                  | 60).
   969 | D:2      | 969 ||| SHOPLISTING ring of ice (350 gold, have 60).
   969 | D:2      | 969 ||| SHOPLISTING ring of poison resistance (280 gold,
                  | have 60).
   969 | D:2      | 969 ||| SHOPLISTING ring of see invisible (210 gold, have
                  | 60).
  1181 | D:2      | 1181 ||| UPGRADING to +0 ring mail.
  1191 | D:2      | 1191 ||| DROPPING +0 leather armour.
  1192 | D:2      | 1192 ||| DROPPING amulet of the acrobat.
  1193 | D:2      | 1193 ||| READING scroll of identify.
  1193 | D:2      | 1193 ||| IDENTIFYING fuming purple potion
  1194 | D:2      | 1194 ||| READING scroll labelled ERHAYRA YDAMU.
  1194 | D:2      | 1194 ||| ENCHANTING +0 ring mail.
  1195 | D:2      | 1195 ||| DRINKING 2 sedimented purple potions.
  1196 | D:2      | 1196 ||| DROPPING potion of invisibility.
  1338 | D:3      | Reached XP level 4. HP: 25/25 MP: 6/6
  1994 | D:3      | 1994 ||| UPGRADING to +6 ring of strength.
  1995 | D:3      | 1995 ||| READING 2 scrolls of identify.
  1995 | D:3      | 1995 ||| IDENTIFYING yellow potion
  1996 | D:3      | 1996 ||| READING scroll of identify.
  1996 | D:3      | 1996 ||| IDENTIFYING amethyst potion
  1997 | D:3      | 1997 ||| READING scroll labelled SAAGHY OQAXTI.
  1998 | D:3      | 1998 ||| READING 2 scrolls labelled BABBEO HENGOFI.
  1999 | D:3      | 1999 ||| READING scroll labelled NAINO REHEANLAUT.
  2003 | D:3      | 2003 ||| DROPPING scroll of revelation.
  2004 | D:3      | 2004 ||| DROPPING potion of attraction.
  2137 | D:4      | Reached skill level 8 in Ranged Weapons
  2193 | D:4      | Reached XP level 5. HP: 29/29 MP: 7/7
  2193 | D:4      | Found a staircase to the Ecumenical Temple.
  2194 | D:4      | 2194 ||| PLANNING TEMPLE
  2194 | D:4      | 2194 ||| READING scroll of identify.
  2194 | D:4      | 2194 ||| IDENTIFYING blue potion
  2195 | D:4      | 2195 ||| READING scroll labelled MUKOEC LUAZIOM.
  2196 | D:4      | 2196 ||| DROPPING potion of brilliance.
  2212 | Temple   | Entered the Ecumenical Temple
  2213 | Temple   | 2213 ||| PLANNING D:1-11
  2247 | D:4      | Reached skill level 9 in Ranged Weapons
  2316 | D:4      | HP: 7/30 [burnt (3)]
  2318 | D:4      | HP: 2/30 [burnt (4)]
  2319 | D:4      | Incinerated by a bombardier beetle

Levels and vault maps discovered:
D:1:      dpeg_arrival_renting, layout_basic, serial_shops, shop_fountains,
          shop, shop, shop
D:2:      layout_loops_ring, serial_shops, nicolae_shop_back_alley_shop
D:3:      layout_basic, hex_tiny
D:4:      layout_basic, mainiacjoe_overflow_swirl, minmay_temple_entry_tees,
          serial_aquarium, aquarium_bridge_straight [aquarium_subvault_bridge,
          aquarium_subvault_wall, aquarium_subvault_bridge,
          aquarium_subvault_window], aquarium_window_fake, aquarium_window_fake,
          aquarium_view_2c, aquarium_view_4, aquarium_pool_2
Temple:   kb_corrupted_temple

Skill      XL: |  1  2  3  4  5 |
---------------+----------------+-----
Ranged Weapons | 6 7 8 9 |  9.1
Fighting       | 2 |  2.2
Dodging        | |  2.4
Stealth        | |  1.2

Action                     |  1- 3 |  4- 6 || total
---------------------------+-------+-------++-------
   Fire: Shortbow          |    85 |   114 ||   199
    Use: Scroll            |     3 |     7 ||    10
         Potion            |     1 |       ||     1
 Armour: Leather armour    |    23 |       ||    23
         Ring mail         |       |    17 ||    17
  Dodge: Dodged            |    21 |    19 ||    40

Table legend:
 A = Non-vault XP
 B = Vault XP
 C = Vault XP percentage of total XP
 D = Non-vault monster count
 E = Vault monster count
 F = Vault count percentage of total count
                 A         B        C        D         E       F
            +---------+---------+-------+---------+---------+-------
      Total |     354 |       0 |   0.0 |      65 |       0 |   0.0
            +---------+---------+-------+---------+---------+-------
        D:1 |      42 |       0 |   0.0 |      19 |       0 |   0.0
        D:2 |      45 |       0 |   0.0 |      16 |       0 |   0.0
        D:3 |      36 |       0 |   0.0 |      14 |       0 |   0.0
        D:4 |     231 |       0 |   0.0 |      16 |       0 |   0.0
            +---------+---------+-------+---------+---------+-------
